[Event "Titled Tuesday Blitz September 28 2021"]
[White "Tang, Andrew"]
[Black "Sethuraman, S.P."]
[WhiteFideId "2059630"]
[BlackFideId "5021596"]
[WhiteElo "2962"]
[BlackElo "2718"]
[Result "1-0"]
[Round "03"]
[TimeControl "180+1"]
[Date "2021.09.28"]
[WhiteClock "0:00:12"]
[BlackClock "0:00:02"]

1. d4 d5 2. Bf4 Nf6 3. e3 c5 4. Nc3 a6 5. dxc5 Nc6 6. a3 e5 7. Bg5 Be6 8. b4 Be7 9. Nf3 O-O 10. Be2 h6 11. Bh4 d4 12. exd4 exd4 13. Na4 Nh5 14. Bxe7 Qxe7 15. O-O Rad8 16. Re1 Nf4 17. Nb2 Qf6 18. Nd3 Nd5 19. Qd2 g5 20. Bf1 Bf5 21. Nde5 Nf4 22. Nxc6 bxc6 23. g3 Ng6 24. Bg2 d3 25. c3 Bg4 26. Re3 Rd5 27. Nd4 Rxd4 28. cxd4 Qxd4 29. Rae1 Rd8 30. Bxc6 Kg7 31. Bb7 Qc4 32. Re4 Qc2 33. Qxc2 dxc2 34. Rc4 Rd1 35. Kf1 Bf5 36. Rxc2 Bxc2 37. Rxd1 Bxd1 38. c6 Bf3 39. a4 Ne7 40. b5 axb5 41. axb5 Kf6 42. Ke1 Ke6 43. Kd2 Kd6 44. Ke3 g4 45. Kf4 Kc7 46. Ke5 1-0


[Site "https://www.chess.com"]

[Event "Titled Tuesday Blitz September 28 2021"]
[White "Timmermans, Mark"]
[Black "Pert, Richard G"]
[WhiteFideId "1026399"]
[BlackFideId "404748"]
[WhiteElo "2817"]
[BlackElo "2603"]
[Result "1-0"]
[Round "03"]
[TimeControl "180+1"]
[Date "2021.09.28"]
[WhiteClock "0:01:09"]
[BlackClock "0:00:14"]

1. b4 d5 2. Bb2 Nf6 3. e3 Bf5 4. b5 Nbd7 5. Nf3 Bg4 6. Be2 Bxf3 7. Bxf3 e5 8. a4 Bd6 9. Be2 O-O 10. c4 c6 11. O-O Re8 12. h3 Qe7 13. cxd5 cxd5 14. Ba3 Nc5 15. d3 Rac8 16. Nd2 Qe6 17. Nb3 Nxa4 18. Bxd6 Nc3 19. Qd2 Qxd6 20. Rxa7 Qb6 21. Ra5 Nxe2+ 22. Qxe2 Rc3 23. Ra3 Qxb5 24. Rb1 e4 25. Qe1 Rxd3 26. Nd4 Qxb1 27. Qxb1 Rxa3 28. Qxb7 h5 29. Nf5 g6 30. Nh6+ Kg7 31. Nxf7 Rf8 32. Ng5+ Kh6 33. Ne6 Rg8 34. Qf7 Ra1+ 35. Kh2 1-0


[Site "https://www.chess.com"]

[Event "Titled Tuesday Blitz September 28 2021"]
[White "Timofeev, Artyom"]
[Black "Ghimpu, Samuel-Timotei"]
[WhiteFideId "4140419"]
[BlackFideId "1238175"]
[WhiteElo "2874"]
[BlackElo "2624"]
[Result "1-0"]
[Round "03"]
[TimeControl "180+1"]
[Date "2021.09.28"]
[WhiteClock "0:01:24"]
[BlackClock "0:00:22"]

1. c4 g6 2. g3 c6 3. Bg2 d5 4. Qb3 Nf6 5. cxd5 cxd5 6. Nc3 e6 7. d4 Bg7 8. Nf3 O-O 9. O-O Nc6 10. Bf4 Ne4 11. Rfd1 Nxc3 12. bxc3 b6 13. h4 Bb7 14. h5 Rc8 15. h6 Bf6 16. g4 Qd7 17. Rac1 Ba6 18. Re1 Rfe8 19. g5 Bd8 20. e4 Bc4 21. Qb1 dxe4 22. Qxe4 Bd5 23. Qe3 Bc7 24. Bxc7 Qxc7 25. c4 Bxf3 26. Bxf3 e5 27. Bxc6 Qxc6 28. dxe5 Re6 29. Qf4 Rce8 30. Rcd1 Qc5 31. Rd7 Qf8 32. Rxa7 1-0


[Site "https://www.chess.com"]

[Event "Titled Tuesday Blitz September 28 2021"]
[White "Tristan, Leonardo"]
[Black "Bok, Benjamin"]
[WhiteFideId "113816"]
[BlackFideId "1017063"]
[WhiteElo "2728"]
[BlackElo "2989"]
[Result "1-0"]
[Round "03"]
[TimeControl "180+1"]
[Date "2021.09.28"]
[WhiteClock "0:00:17"]
[BlackClock "0:00:05"]

1. d4 Nf6 2. Nf3 d5 3. Bf4 c5 4. e3 Nc6 5. Nbd2 Qb6 6. dxc5 Qxb2 7. Rb1 Qc3 8. Bb5 g6 9. e4 dxe4 10. Be5 Qa5 11. O-O exf3 12. Qxf3 Qxb5 13. Rxb5 Nxe5 14. Qe2 Nc6 15. Nc4 Bh6 16. Nd6+ Kf8 17. Nxc8 Rxc8 18. Rxb7 Kg7 19. f4 Rhe8 20. g4 g5 21. h4 gxf4 22. g5 Bxg5 23. hxg5 Nd5 24. c4 Nc7 25. Rxf4 Ne6 26. Rh4 Nxg5 27. Qh5 f6 28. Rb2 Ne5 29. Rg2 Ng6 30. Rxg5 fxg5 31. Qxh7+ Kf6 32. Rh6 Rg8 33. Rh2 Rb8 34. Rf2+ Nf4 35. Qe4 e5 36. c6 Rh8 37. c7 Rbc8 38. Qc6+ Kf5 39. Qd7+ Kf6 40. Rh2 e4 41. Rxh8 Rxh8 42. Qd8+ Rxd8 43. cxd8=Q+ Kf5 44. c5 e3 45. c6 e2 46. Kf2 g4 47. c7 g3+ 48. Ke1 g2 49. c8=Q+ Ke4 50. Qc4+ Ke3 51. Qdd4+ 1-0


[Site "https://www.chess.com"]

[Event "Titled Tuesday Blitz September 28 2021"]
[White "Tsydypov, Zhamsaran"]
[Black "Yuan, Qingyu"]
[WhiteFideId "4108566"]
[BlackFideId "8609772"]
[WhiteElo "2649"]
[BlackElo "2359"]
[Result "1-0"]
[Round "03"]
[TimeControl "180+1"]
[Date "2021.09.28"]
[WhiteClock "0:00:38"]
[BlackClock "0:00:03"]

1. d4 d5 2. Nf3 Nf6 3. Bg5 Ne4 4. Bh4 c5 5. e3 Nc6 6. c3 cxd4 7. exd4 Bf5 8. Qb3 Qd7 9. Bb5 f6 10. O-O e6 11. Nbd2 Be7 12. Nxe4 Bxe4 13. Nd2 Bf5 14. Rfe1 O-O 15. Bg3 a6 16. Be2 Na5 17. Qb6 Nc6 18. Nb3 Rfc8 19. Nc5 Bxc5 20. Qxc5 Ne5 21. Qb4 Nd3 22. Bxd3 Bxd3 23. h4 Bc2 24. Re2 Rc4 25. Qd6 Qxd6 26. Bxd6 Bf5 27. f3 Rc6 28. Bf4 h5 29. Rae1 Kf7 30. Kf2 Rh8 31. Bd2 Rc4 32. Kg3 Rc6 33. Kf4 Rc4 34. Rh1 Rc6 35. Be1 Bd3 36. Rf2 Bb1 37. a3 Bg6 38. Ke3 Rc4 39. Rd2 Rc6 40. Bg3 Rb6 41. Re1 Rc8 42. Kf2 a5 43. Bf4 a4 44. g4 Rh8 45. Kg3 Rc6 46. Rde2 Bd3 47. Rh2 Bg6 48. Bc1 Bd3 49. Kf2 Bg6 50. Kg1 Bd3 51. g5 Bf5 52. Rg2 Rcc8 53. Kf2 Rcd8 54. Bf4 Rc8 55. Bd6 Rc6 56. Bb4 Rcc8 57. Bc5 Rc6 58. gxf6 Kxf6 59. Ke3 g6 60. Kd2 Ra8 61. Bb4 Kf7 62. Rg5 Rac8 63. Ke3 Ra8 64. Kf4 Rac8 65. Ke5 Rg8 66. Reg1 Re8 67. Kf4 Rec8 68. R5g2 Re8 69. Re2 Rec8 70. Re5 Re8 71. Rge1 Rec8 72. Kg5 Rh8 73. Bc5 Re8 74. c4 dxc4 75. Bb4 Rc7 76. d5 Rd7 77. d6 Rc8 78. Ra5 Rc6 79. Rxa4 Ra6 80. Rxa6 bxa6 81. Re5 Bd3 82. Rc5 Bf5 83. f4 Bd3 84. Rc7 Ke8 85. Rc6 Kf7 86. Bc3 e5 87. fxe5 Ra7 88. Bd4 Rb7 89. d7 Ke7 90. e6 Rb5+ 91. Kh6 Rd5 92. Rc8 Kxe6 93. d8=Q Rxd8 94. Rxd8 c3 95. Bxc3 1-0


[Site "https://www.chess.com"]

[Event "Titled Tuesday Blitz September 28 2021"]
[White "Urazayev, Arystanbek"]
[Black "Koksik_13"]
[WhiteFideId "13709810"]
[WhiteElo "2826"]
[BlackElo "2604"]
[Result "1-0"]
[Round "03"]
[TimeControl "180+1"]
[Date "2021.09.28"]
[WhiteClock "0:02:06"]
[BlackClock "0:01:42"]

1. e4 e6 2. d4 d5 3. e5 c5 4. c3 Qb6 5. Nf3 Nc6 6. Bd3 cxd4 7. O-O Bd7 8. Re1 Nh6 9. Nbd2 dxc3 10. bxc3 Bc5 11. Rb1 Qc7 12. h3 Nf5 13. Nb3 Bb6 14. Bxf5 exf5 15. Ba3 Be6 16. Bd6 Qd7 17. Nfd4 Bc7 18. Nc5 Qc8 19. Bxc7 Qxc7 20. Ndxe6 fxe6 21. Rxb7 Qa5 22. Nxe6 1-0


[Site "https://www.chess.com"]

[Event "Titled Tuesday Blitz September 28 2021"]
[White "Vakhlamov, Igor L."]
[Black "Andreikin, Dmitry"]
[WhiteFideId "24126748"]
[BlackFideId "4158814"]
[WhiteElo "2732"]
[BlackElo "3008"]
[Result "0-1"]
[Round "03"]
[TimeControl "180+1"]
[Date "2021.09.28"]
[WhiteClock "0:00:02"]
[BlackClock "0:00:43"]

1. e4 c6 2. Nc3 d5 3. Nf3 a6 4. d4 Bg4 5. h3 Bh5 6. exd5 cxd5 7. g4 Bg6 8. Ne5 Nc6 9. h4 Nb4 10. Nxg6 hxg6 11. Bg2 e6 12. h5 gxh5 13. gxh5 Nf6 14. Bg5 Be7 15. Bf3 Qb6 16. Ne2 Nc6 17. b3 O-O-O 18. c3 e5 19. Ng3 exd4 20. cxd4 Nxd4 21. Bg4+ Kb8 22. Be3 Qb4+ 23. Kf1 Nxb3 24. Qxb3 Nxg4 25. Qd3 Qc4 26. Rd1 Nxe3+ 27. fxe3 g6 28. Kg2 gxh5 29. Qf5 Qxa2+ 30. Kf3 Bd6 31. Rb1 Bxg3 32. Qxf7 Bc7 33. Rhc1 Rhf8 34. Rxc7 Rxf7+ 35. Rxf7 Qxb1 0-1


[Site "https://www.chess.com"]

[Event "Titled Tuesday Blitz September 28 2021"]
[White "Veiga, Emerson de Sousa"]
[Black "Aitbayev, Aslan"]
[WhiteFideId "2151898"]
[BlackFideId "13704613"]
[WhiteElo "2034"]
[BlackElo "2417"]
[Result "0-1"]
[Round "03"]
[TimeControl "180+1"]
[Date "2021.09.28"]
[WhiteClock "0:00:01"]
[BlackClock "0:01:17"]

1. e4 e6 2. d4 d5 3. Nc3 Bb4 4. Ne2 dxe4 5. a3 Be7 6. Nxe4 Nf6 7. Ng5 Nc6 8. Be3 Nd5 9. Nf3 O-O 10. Qd2 b6 11. c4 Nxe3 12. fxe3 Bb7 13. Ng3 Na5 14. Qc2 c5 15. Bd3 Bxf3 16. gxf3 cxd4 17. Bxh7+ Kh8 18. O-O-O Rc8 19. Rxd4 Qxd4 20. exd4 Rxc4 21. Qxc4 Nxc4 22. Bd3 Rc8 23. Kb1 Nd2+ 24. Ka2 Bf6 25. d5 exd5 26. f4 Nc4 27. b3 Ne3 28. Ne2 g6 29. h4 Kg7 30. h5 Rh8 31. Ng3 Ng2 32. Rg1 Nxf4 33. Bc2 Nxh5 34. Nf5+ Kf8 35. Nd6 Nf4 36. Nb5 Rh2 37. Kb1 a6 38. Nc7 Be5 0-1


[Site "https://www.chess.com"]

[Event "Titled Tuesday Blitz September 28 2021"]
[White "Viani Antonio Dcunha"]
[Black "Salinas Herrera, Pablo"]
[WhiteFideId "5027330"]
[BlackFideId "3407128"]
[WhiteElo "2605"]
[BlackElo "2835"]
[Result "1/2-1/2"]
[Round "03"]
[TimeControl "180+1"]
[Date "2021.09.28"]
[WhiteClock "0:00:06"]
[BlackClock "0:00:04"]

1. e4 e5 2. Nf3 Nc6 3. d4 exd4 4. Nxd4 Nf6 5. Nc3 Bb4 6. Nxc6 bxc6 7. Bd3 d5 8. exd5 O-O 9. O-O cxd5 10. Bg5 c6 11. Qf3 h6 12. Bxf6 Qxf6 13. Qxf6 gxf6 14. Ne2 Re8 15. Nd4 Bd7 16. Nf5 Bf8 17. Rfe1 Re5 18. g4 Rae8 19. Kf1 h5 20. h3 hxg4 21. hxg4 c5 22. b3 Bc6 23. f4 R5e6 24. c4 d4 25. Kf2 a5 26. Re2 Rxe2+ 27. Bxe2 Re4 28. Ng3 Rxf4+ 29. Ke1 d3 30. Bxd3 Rf3 31. Nh5 Rxd3 32. Nxf6+ Kg7 33. Nh5+ Kh6 34. Ke2 Rd4 35. Rf1 Be7 36. Rxf7 Bg5 37. Rc7 Rd2+ 38. Ke1 Bf3 39. Ng3 Rxa2 40. Rxc5 Bd2+ 41. Kf1 Bg2+ 42. Kxg2 Be3+ 43. Kf3 Bxc5 44. g5+ Kg6 45. Ke4 Kxg5 46. Kd5 Bb4 47. c5 Kf4 48. Nh5+ Kg5 49. Ng7 Kf6 50. Ne8+ Ke7 51. Nc7 Rd2+ 52. Kc6 Rc2 53. Na6 Ke6 54. Kb6 Kd5 55. Nc7+ Kd4 56. c6 Ke5 57. Nb5 Bc5+ 58. Kb7 Be7 59. c7 Rc5 60. c8=Q Rxb5+ 61. Ka6 Rc5 62. Qb7 Bd6 63. b4 axb4 64. Qxb4 Rc6+ 65. Qb6 Rxb6+ 66. Kxb6 1/2-1/2


[Site "https://www.chess.com"]

[Event "Titled Tuesday Blitz September 28 2021"]
[White "Visakh N R"]
[Black "Herrera Reyes, Jose Antonio"]
[WhiteFideId "25012223"]
[BlackFideId "2274914"]
[WhiteElo "2838"]
[BlackElo "2606"]
[Result "1-0"]
[Round "03"]
[TimeControl "180+1"]
[Date "2021.09.28"]
[WhiteClock "0:00:22"]
[BlackClock "0:00:20"]

1. d4 Nf6 2. c4 c5 3. d5 b5 4. cxb5 a6 5. b6 g6 6. Nc3 Bg7 7. g3 O-O 8. Bg2 d6 9. Nf3 Nbd7 10. b7 Bxb7 11. O-O a5 12. Nd2 Nb6 13. e4 Ba6 14. Re1 Nfd7 15. Bf1 Bxf1 16. Nxf1 Qc8 17. Be3 Nc4 18. Qe2 Nxe3 19. Nxe3 Ne5 20. f4 Nd7 21. Nc4 Qa6 22. a4 Rab8 23. Nb5 Nb6 24. Nxb6 Qxb6 25. Kg2 Qd8 26. Rad1 Qd7 27. e5 dxe5 28. fxe5 Qf5 29. b3 Rfd8 30. Rd3 Qg5 31. Na3 Rb4 32. Nc4 Rdb8 33. Qf3 h5 34. d6 exd6 35. exd6 Bd4 36. d7 Rd8 37. Re8+ Kg7 38. Rxd4 cxd4 39. Ne5 f5 40. Qd5 Qd2+ 41. Kh3 Rbb8 42. Qg8+ Kh6 43. Qxg6# 1-0


[Site "https://www.chess.com"]

[Event "Titled Tuesday Blitz September 28 2021"]
[White "Vlachos, Anatole"]
[Black "Nguyen, Ngoc Truong Son"]
[WhiteFideId "26093189"]
[BlackFideId "12401110"]
[WhiteElo "2350"]
[BlackElo "2596"]
[Result "0-1"]
[Round "03"]
[TimeControl "180+1"]
[Date "2021.09.28"]
[WhiteClock "0:01:53"]
[BlackClock "0:01:04"]

1. e4 c5 2. Nf3 e6 3. d4 cxd4 4. Nxd4 a6 5. Bd3 Bc5 6. Nb3 Be7 7. c4 Nc6 8. Nc3 Nf6 9. O-O O-O 10. f4 d6 11. Be3 Nd7 12. g4 b6 13. g5 Nc5 14. Bc2 e5 15. Nd5 exf4 16. Nxe7+ Qxe7 17. Bxf4 Ne5 18. Nd4 g6 19. b3 Bb7 20. Qe2 Rae8 21. Rae1 f6 22. h4 Ne6 23. Nxe6 Qxe6 24. Qe3 fxg5 25. Bxg5 Qg4+ 26. Kh2 Nf3+ 27. Rxf3 Rxf3 28. Qxb6 Rh3# 0-1


[Site "https://www.chess.com"]

[Event "Titled Tuesday Blitz September 28 2021"]
[White "Vovk, Orest"]
[Black "Vogel, Roven"]
[WhiteFideId "14113490"]
[BlackFideId "12908088"]
[WhiteElo "2400"]
[BlackElo "2764"]
[Result "0-1"]
[Round "03"]
[TimeControl "180+1"]
[Date "2021.09.28"]
[WhiteClock "0:00:03"]
[BlackClock "0:00:11"]

1. h3 e5 2. g4 d5 3. Bg2 h5 4. d4 e4 5. c4 c6 6. Nc3 hxg4 7. cxd5 cxd5 8. Qb3 Ne7 9. hxg4 Rxh1 10. Bxh1 Nbc6 11. Bf4 a6 12. e3 Na5 13. Qd1 Ng6 14. Bg3 Be6 15. f3 Bd6 16. Bxd6 Qxd6 17. f4 Nc4 18. Qe2 Bxg4 19. Qxg4 Nxe3 20. Qe2 Qxf4 21. Qf2 Qh6 22. Bg2 Nf4 23. Bf1 Rc8 24. Qxe3 Ng2+ 25. Bxg2 Qxe3+ 26. Nge2 Rd8 27. Nd1 Qg5 28. Kf2 f5 29. Ndc3 f4 30. Rh1 f3 31. Bxf3 exf3 32. Kxf3 Kd7 33. Kf2 Qd2 34. Rh3 Rf8+ 35. Rf3 Rxf3+ 36. Kxf3 Qxb2 37. Nxd5 Qxa2 38. Nef4 g5 39. Nc3 Qb3 40. Ne2 a5 41. Ke4 a4 42. Nd5 a3 43. Nec3 a2 44. Nf6+ Kc8 45. Ncd5 a1=Q 46. Ne7+ Kb8 47. Nd7+ Kc7 48. Nc5 Qe1+ 49. Kf5 Qf3+ 50. Kg6 Qxe7 0-1


[Site "https://www.chess.com"]

[Event "Titled Tuesday Blitz September 28 2021"]
[White "Wadsworth, Matthew J"]
[Black "Fier, Alexandr"]
[WhiteFideId "415804"]
[BlackFideId "2107139"]
[WhiteElo "2559"]
[BlackElo "2802"]
[Result "1/2-1/2"]
[Round "03"]
[TimeControl "180+1"]
[Date "2021.09.28"]
[WhiteClock "0:00:05"]
[BlackClock "0:01:02"]

1. c4 Nf6 2. g3 c5 3. Bg2 g6 4. Nc3 Bg7 5. Nf3 Nc6 6. d4 cxd4 7. Nxd4 O-O 8. O-O Qa5 9. Nb3 Qh5 10. c5 a5 11. e4 a4 12. Qxh5 Nxh5 13. Nd2 a3 14. Nc4 d6 15. cxd6 exd6 16. Nb5 Be6 17. Ncxa3 Nb4 18. Bd2 Nxa2 19. Rab1 Rfd8 20. Nc7 Ra4 21. Nxe6 fxe6 22. Rfd1 Nf6 23. Bg5 h6 24. Bf4 Nxe4 25. Bxe4 Rxe4 26. Rxd6 Rxd6 27. Bxd6 Re2 28. Nc4 b5 29. Ra1 bxc4 30. Rxa2 Bxb2 31. Ra8+ Kf7 32. Rf8+ Kg7 33. Rc8 c3 34. Kf1 Rc2 35. Be5+ Kf7 36. Rc7+ Ke8 37. Kg2 Kd8 38. Rc6 Kd7 39. Rc7+ Kd8 40. Rc6 g5 41. h4 g4 42. h5 Rc1 43. Bf4 Re1 44. Bxh6 Kd7 45. Rc4 Re5 46. Bg7 Rxh5 47. Bxc3 Ba3 48. Rxg4 Bd6 49. Rg7+ Kc6 50. Rg6 Kd5 51. Bd2 e5 52. Be3 Rh7 53. Rg5 Ke4 54. Rg4+ Kf5 55. Rg5+ Kf6 56. Rg4 Rb7 57. Ra4 Rb2 58. Kf3 Ke6 59. Ra6 Kd5 60. g4 e4+ 61. Kg2 Rb7 62. Ra5+ Ke6 63. g5 Be5 64. Kh3 Rh7+ 65. Kg4 Rh1 66. Ra6+ Kd5 67. Kf5 Bc3 68. Ra8 Kd6 69. Rd8+ Ke7 70. Rc8 Bb2 71. g6 Rh5+ 72. Bg5+ Kd7 73. Rb8 Bc1 74. g7 Rxg5+ 75. Kf6 e3 76. fxe3 Bxe3 77. g8=Q Rxg8 78. Rxg8 Bd4+ 79. Kf5 Kd6 80. Ke4 Bf6 81. Rg6 Ke6 82. Kf4 Ke7 83. Kf5 Bc3 84. Re6+ Kd7 85. Rh6 Bb2 86. Ke4 Ke7 87. Kd5 Kf7 88. Rb6 Bc3 89. Rc6 Bb2 90. Ke4 Ke7 91. Rc2 Ba1 92. Kd5 Kf6 93. Rf2+ Ke7 94. Rf5 Bc3 95. Rf2 Ba1 96. Re2+ Kf6 97. Re6+ Kf5 1/2-1/2


[Site "https://www.chess.com"]

[Event "Titled Tuesday Blitz September 28 2021"]
[White "Wagner, Dennis"]
[Black "Rogac, Srdjan"]
[WhiteFideId "24650684"]
[BlackFideId "920576"]
[WhiteElo "2355"]
[BlackElo "2389"]
[Result "1/2-1/2"]
[Round "03"]
[TimeControl "180+1"]
[Date "2021.09.28"]
[WhiteClock "0:00:03"]
[BlackClock "0:01:03"]

1. e4 c6 2. d4 d5 3. exd5 cxd5 4. Bd3 Nc6 5. c3 Nf6 6. Bf4 Bg4 7. Qb3 Qc8 8. Nd2 e6 9. Ngf3 Bh5 10. a4 Bg6 11. Bxg6 hxg6 12. h4 Be7 13. g3 a6 14. Kf1 Na5 15. Qc2 Nd7 16. Kg2 Nc4 17. a5 Nxd2 18. Qxd2 Qc6 19. Qe3 Bf6 20. Rhc1 Rc8 21. b3 O-O 22. Rc2 Rfe8 23. Rh1 Qb5 24. b4 Qa4 25. Rcc1 b6 26. h5 bxa5 27. hxg6 fxg6 28. Qd3 axb4 29. Qxg6 Nf8 30. Qh5 Rxc3 31. Ra1 Qd7 32. Rxa6 Rxf3 33. Kxf3 Bxd4 34. Bd6 Qb5 35. Qh8+ Kf7 36. Rha1 Qd3+ 37. Kg2 Qe4+ 38. Kg1 Bxa1 39. Ra7+ Kg6 40. Rxa1 b3 41. Bxf8 Rxf8 42. Qxf8 b2 43. Qe8+ Kh6 44. Qh8+ Kg6 45. Qe8+ Kh6 46. Qh8+ Kg6 47. Qe8+ 1/2-1/2


[Site "https://www.chess.com"]

[Event "Titled Tuesday Blitz September 28 2021"]
[White "Warmerdam, Max"]
[Black "Tologon tegin, Semetei"]
[WhiteFideId "1048104"]
[BlackFideId "13800574"]
[WhiteElo "2798"]
[BlackElo "2549"]
[Result "0-1"]
[Round "03"]
[TimeControl "180+1"]
[Date "2021.09.28"]
[WhiteClock "0:00:14"]
[BlackClock "0:00:07"]

1. e4 c5 2. Nf3 d6 3. Bb5+ Nd7 4. d4 cxd4 5. Qxd4 a6 6. Bxd7+ Bxd7 7. Nc3 e5 8. Qd3 h6 9. Nd2 Rc8 10. Nc4 Be6 11. Ne3 Nf6 12. O-O Be7 13. a4 O-O 14. Rd1 Qc7 15. Qe2 Rfd8 16. a5 Qc6 17. Qf3 Nd7 18. Ncd5 Bg5 19. h4 Bxh4 20. c3 Re8 21. b4 Bg5 22. Bb2 Bxe3 23. Qxe3 Bxd5 24. exd5 Qc4 25. Rd2 f5 26. Rad1 f4 27. Qh3 Nf6 28. Rd3 Rc7 29. Ba3 Rd7 30. Qf5 e4 31. Qxf4 Qa2 32. Rg3 Nh5 33. Qg4 Rf7 34. Qxh5 Qxf2+ 35. Kh2 Re5 36. Qh4 Qe2 37. Re1 Qxe1 38. Rxg7+ Rxg7 39. Qxe1 e3 40. Bc1 e2 41. Bf4 Re4 42. g3 Rg6 43. c4 h5 44. c5 dxc5 45. bxc5 h4 46. d6 hxg3+ 47. Bxg3 Rg7 48. Kg2 Re3 49. Kf2 Rgxg3 50. d7 Rgf3+ 51. Kg2 Rf8 52. Kh2 Re7 53. Qg3+ Rg7 54. Qb3+ Kh8 55. Qc3 Kg8 56. Qc4+ Kh8 57. Qxe2 Rh7+ 58. Kg3 Rg8+ 59. Kf4 Rf7+ 60. Ke5 Re7+ 61. Kd6 Rxe2 62. Kc7 Rd2 63. Kxb7 Rxd7+ 64. Kxa6 Rc7 65. Kb6 Rgc8 66. a6 Rc6+ 67. Kb7 Rxc5 68. a7 R8c7+ 69. Kb6 Rxa7 0-1


[Site "https://www.chess.com"]

[Event "Titled Tuesday Blitz September 28 2021"]
[White "Wieczorek, Zbigniew"]
[Black "Stoyanov, Tsvetan"]
[WhiteFideId "1102001"]
[BlackFideId "2917173"]
[WhiteElo "2186"]
[BlackElo "2191"]
[Result "1/2-1/2"]
[Round "03"]
[TimeControl "180+1"]
[Date "2021.09.28"]
[WhiteClock "0:00:07"]
[BlackClock "0:00:09"]

1. Nf3 c5 2. e4 d6 3. Bb5+ Nd7 4. c4 Nf6 5. Nc3 g6 6. d4 cxd4 7. Nxd4 Bg7 8. O-O O-O 9. Bxd7 Bxd7 10. b3 Rc8 11. Bb2 a6 12. Rc1 b5 13. cxb5 axb5 14. Qe2 b4 15. Nd5 Nxd5 16. exd5 Rxc1 17. Rxc1 Qa5 18. Nc6 Bxc6 19. Bxg7 Kxg7 20. dxc6 Rc8 21. h4 Rc7 22. Qd2 Qb5 23. Rc4 Rxc6 24. Rxc6 Qxc6 25. Qxb4 Qc1+ 26. Kh2 Qb2 27. a4 Qxf2 28. a5 d5 29. Qxe7 Qf4+ 30. Kh3 Qf5+ 31. Kh2 Qf4+ 32. Kh3 Qd4 33. a6 Qd3+ 34. g3 Qxa6 35. Qe5+ f6 36. Qxd5 Qf1+ 37. Kh2 Qf2+ 38. Kh3 Kh6 39. Qc4 g5 40. hxg5+ fxg5 41. Qe6+ Kg7 42. Qe7+ Kg6 43. Qe6+ Kg7 44. Qc4 Qf5+ 45. g4 Qf3+ 46. Kh2 h5 47. gxh5 Qxh5+ 48. Kg2 Qg6 49. b4 Qf6 50. b5 Qb2+ 51. Kg3 Kf6 52. Qc6+ Kf5 53. Qc5+ Kf6 54. b6 Qb3+ 55. Kg4 Qa4+ 56. Kh3 Qh4+ 57. Kg2 Qe4+ 58. Kg3 Qf4+ 59. Kg2 Qe4+ 60. Kg3 Qf4+ 61. Kg2 Qe4+ 1/2-1/2


[Site "https://www.chess.com"]

[Event "Titled Tuesday Blitz September 28 2021"]
[White "Yakubboev, Nodirbek"]
[Black "Silvestre, Christian"]
[WhiteFideId "14203987"]
[BlackFideId "30956269"]
[WhiteElo "2464"]
[BlackElo "2488"]
[Result "1-0"]
[Round "03"]
[TimeControl "180+1"]
[Date "2021.09.28"]
[WhiteClock "0:00:21"]
[BlackClock "0:00:20"]

1. d4 Nf6 2. c4 e6 3. Nf3 b6 4. g3 Bb7 5. Bg2 c5 6. d5 d6 7. Nc3 e5 8. O-O Be7 9. Nh4 g6 10. e4 Nh5 11. Nf5 Nd7 12. Bh6 Ndf6 13. Nxe7 Qxe7 14. f4 Nd7 15. Nb5 Kd8 16. Bf3 a6 17. Nc3 exf4 18. gxf4 Rg8 19. Kh1 Kc7 20. Bxh5 Qh4 21. e5 dxe5 22. fxe5 Nxe5 23. Bf4 Qxh5 24. Qxh5 gxh5 25. Bxe5+ Kd7 26. Rxf7+ 1-0


[Site "https://www.chess.com"]

[Event "Titled Tuesday Blitz September 28 2021"]
[White "Yanchenko, Roman"]
[Black "Quparadze, Giga"]
[WhiteFideId "4137329"]
[BlackFideId "13602250"]
[WhiteElo "2711"]
[BlackElo "2937"]
[Result "0-1"]
[Round "03"]
[TimeControl "180+1"]
[Date "2021.09.28"]
[WhiteClock "0:00:10"]
[BlackClock "0:01:47"]

1. d4 Nf6 2. c4 e6 3. Nf3 b6 4. g3 Ba6 5. Qc2 Bb4+ 6. Bd2 c5 7. Bg2 Nc6 8. O-O Rc8 9. Bxb4 cxb4 10. b3 d5 11. Nbd2 O-O 12. Qb2 Na5 13. Rfd1 dxc4 14. bxc4 Nxc4 15. Qxb4 Nd5 16. Qb3 Na5 17. Qb2 Nc3 18. Re1 Nxe2+ 19. Kh1 Nc3 20. Rac1 Nd5 21. Ne5 Rxc1 22. Rxc1 Bb7 23. h4 Nf6 24. Ndf3 h6 25. Kg1 Bd5 26. a3 Qa8 27. Rc7 Nc6 28. Ne1 Bxg2 29. Nxg2 Nxe5 30. dxe5 Nd5 31. Rc2 Rc8 32. Qc1 Rxc2 33. Qxc2 b5 34. Qc5 Qb8 35. Ne3 Nxe3 36. Qxe3 a5 37. Qc3 b4 38. axb4 axb4 39. Qb3 h5 40. Kh2 Qb6 41. Kg1 Qc5 42. Qd3 Qxe5 43. Qd8+ Kh7 44. Qd3+ Qf5 45. Qb3 Qb5 46. Qc2+ g6 47. Qb3 Qc5 48. Qf3 Kg7 49. Qb7 Qc3 50. Qe7 b3 51. Qa3 e5 52. Kh2 Qd4 53. Kg2 b2 54. Qb3 0-1


[Site "https://www.chess.com"]

[Event "Titled Tuesday Blitz September 28 2021"]
[White "Yeletsky, Ivan"]
[Black "Wagner, Dinara"]
[WhiteFideId "24180327"]
[BlackFideId "24157570"]
[WhiteElo "2795"]
[BlackElo "2504"]
[Result "1-0"]
[Round "03"]
[TimeControl "180+1"]
[Date "2021.09.28"]
[WhiteClock "0:00:27"]
[BlackClock "0:00:04"]

1. c4 Nf6 2. Nc3 c5 3. g3 Nc6 4. Bg2 g6 5. a3 Bg7 6. Rb1 a5 7. d3 d6 8. Bg5 h6 9. Bd2 e5 10. Qc1 Be6 11. Nb5 Rc8 12. Nf3 b6 13. O-O d5 14. cxd5 Nxd5 15. b3 g5 16. e3 O-O 17. Rd1 f5 18. Nc3 Nde7 19. Qc2 Qe8 20. Nb5 Qd7 21. Bc3 g4 22. Nd2 Nd4 23. exd4 cxd4 24. a4 dxc3 25. Nc4 Nd5 26. Nxc3 Nb4 27. Qe2 Bxc4 28. bxc4 Kh8 29. Nd5 Nxd5 30. Bxd5 Qd6 31. Rb5 Rf6 32. Rdb1 Qc7 33. Qb2 Bf8 34. Rxb6 Rxb6 35. Qxb6 Qc5 36. Qg6 Bg7 37. Qxf5 e4 38. Bxe4 Rf8 39. Qh7# 1-0


[Site "https://www.chess.com"]

[Event "Titled Tuesday Blitz September 28 2021"]
[White "Zhalmakhanov, Ramazan"]
[Black "Perez Gormaz, Matias"]
[WhiteFideId "13706357"]
[BlackFideId "3406342"]
[WhiteElo "2531"]
[BlackElo "2352"]
[Result "1-0"]
[Round "03"]
[TimeControl "180+1"]
[Date "2021.09.28"]
[WhiteClock "0:00:40"]
[BlackClock "0:00:02"]

1. e4 c5 2. Nc3 Nc6 3. f4 g6 4. Nf3 Bg7 5. Bc4 e6 6. f5 Nge7 7. fxe6 dxe6 8. d3 O-O 9. O-O a6 10. a4 h6 11. Qe1 Nb4 12. Bb3 Nec6 13. Kh1 Na5 14. Qg3 Nxb3 15. cxb3 Qxd3 16. Bf4 Nc6 17. Rad1 Qc2 18. Qh4 h5 19. e5 b6 20. Rd2 Qxb3 21. Ne4 Qc4 22. Re1 Bb7 23. Nd6 Qxa4 24. Nxb7 Rac8 25. Nd6 Rcd8 26. Qg3 Rd7 27. h3 Rfd8 28. Red1 Qb4 29. Ng5 Qa5 30. Rf1 b5 31. Ngxf7 Rxf7 32. Nxf7 Rxd2 33. Bxd2 Qxd2 34. Qxg6 Qd3 35. Qxd3 1-0


[Site "https://www.chess.com"]

[Event "Titled Tuesday Blitz September 28 2021"]
[White "Aitbayev, Aslan"]
[Black "Aghasiyev, Kamal"]
[WhiteFideId "13704613"]
[BlackFideId "13402854"]
[WhiteElo "2417"]
[BlackElo "2210"]
[Result "0-1"]
[Round "04"]
[TimeControl "180+1"]
[Date "2021.09.28"]
[WhiteClock "0:00:10"]
[BlackClock "0:00:05"]

1. e4 e5 2. Nf3 Nc6 3. Bb5 a6 4. Ba4 Nf6 5. O-O Bc5 6. c3 O-O 7. d4 Ba7 8. dxe5 Ng4 9. Bxc6 dxc6 10. Qe2 Qe7 11. Bf4 f6 12. exf6 Nxf6 13. Nbd2 Bg4 14. Bg5 Qf7 15. h3 Bh5 16. Rae1 Qxa2 17. g4 Nxg4 18. hxg4 Bxg4 19. Kg2 Rxf3 20. Nxf3 Rf8 21. Rd1 Bxf3+ 22. Qxf3 Rxf3 23. Kxf3 Qf7+ 24. Kg3 Qg6 25. Rd8+ Kf7 26. Rd7+ Ke8 27. Rd8+ Kf7 28. f4 h6 29. Rd7+ Kg8 30. Rd8+ Kh7 31. Kf3 Qh5+ 32. Kg2 Qg4+ 33. Kh2 Be3 34. Rd3 Qe2+ 35. Kg3 Qxd3 36. Rf3 Qe2 37. Bh4 g5 38. fxg5 hxg5 39. Bxg5 Bxg5 40. Rf7+ Kg6 41. Rf3 Qxe4 42. Kg2 Qg4+ 43. Kf2 Qe4 44. Kg2 Kh5 45. Kg3 Bh4+ 46. Kg2 Kg4 0-1


[Site "https://www.chess.com"]